 Dungeon Crawl Stone Soup version 0.31-a0-986-g5e6e4ef867 (webtiles) character file.

Game seed: 9791875712001947915

112 serber55 the Digger (level 4, 0/28 HPs)
             Began as an Octopode Earth Elementalist on Nov 15, 2023.
             Slain by an orc
             ... wielding a +0 whip
              (2 damage)
             ... on level 3 of the Dungeon.
             The game lasted 00:06:49 (1779 turns).

serber55 the Digger (Octopode Earth Elementalist)   Turns: 1779, Time: 00:06:51

Health: 0/28       AC:  1    Str:  7    XL:     4   Next: 95%
Magic:  0/7        EV: 13    Int: 19    God:
Gold:   141        SH:  0    Dex: 12    Spells: 4/8 levels left

rFire   . . .        b - +0 dagger
rCold   . . .        (no shield)
rNeg    . . .        (helmet restricted)
rPois   .            (no amulet)
rElec   .            (no ring)
rCorr   .            (no ring)
SInv    .            (no ring)
Will    .....        (no ring)
Stlth   +++          (no ring)
HPRegen 0.24/turn    (no ring)
MPRegen 0.10/turn    (no ring)
                     (no ring)

%: no passive effects
@: no status effects
A: almost no armour, amphibious, 8 rings, camouflage 1, gelatinous body 1,
(nimble swimmer 1), tentacles
a: no special abilities


You were on level 3 of the Dungeon.
You visited 1 branch of the dungeon, and saw 3 of its levels.

You collected 141 gold pieces.

Inventory:

Hand Weapons
 b - a +0 dagger (weapon)
Scrolls
 d - 2 scrolls of vulnerability {unknown}
 f - a scroll of amnesia {unknown}
 i - a scroll of acquirement {unknown}
 j - a scroll of fog {unknown}
Potions
 a - a potion of magic
 c - 3 potions of haste {unknown}
 e - a potion of lignification {unknown}
 g - a potion of degeneration {unknown}
 h - a potion of enlightenment {unknown}


   Skills:
 + Level 1.5 Fighting
 + Level 2.7 Dodging
 - Level 2.7 Stealth
 + Level 2.5 Spellcasting
 + Level 1.0 Conjurations
 - Level 1.0 Transmutations
 * Level 4.1 Earth Magic


You had 4 spell levels left.
You knew the following spells:

 Your Spells              Type           Power      Damage    Failure   Level
a - Sandblast             Erth           36%        2d10      3%          1
b - Stone Arrow           Conj/Erth      24%        3d8       17%         3

Your spell library contained the following spells:

 Spells                   Type           Power      Damage    Failure   Level
 Passwall                 Tmut/Erth      10%        N/A       9%          2
 Brom's Barrelling Bould  Conj/Erth      12%        2d4       50%         4
 Petrify                  Tmut/Erth      12%        N/A       50%         4


Dungeon Overview and Level Annotations

Branches:
Dungeon (3/15)

Altars:


Innate Abilities, Weirdness & Mutations

You cannot wear most types of armour.
You are amphibious.
You can wear up to eight rings at the same time.
Your skin changes colour to match your surroundings (Stealth+).
Your rubbery body absorbs attacks. (AC +1, EV +1)
((You are camouflaged when in or above water. (Stealth+)))
You have tentacles for arms and can constrict up to eight enemies at once.


Message History

You closely miss the orc priest. Your grab misses the orc priest.
The orc priest is heavily wounded.
The orc priest looks braver for a moment.
You barely miss the orc priest. You grab the orc priest.
You squeeze the orc priest.
The orc priest is heavily wounded.
You constrict the orc priest, but do no damage.
The orc priest hits you with a +0 club.
You hit the orc priest but do no damage.
The orc priest is heavily wounded.
You constrict the orc priest. The orc priest hits you with a +0 club.
* * * LOW HITPOINT WARNING * * *
You hit the orc priest but do no damage.
The orc priest is severely wounded.
You constrict the orc priest, but do no damage.
The orc priest misses you.
You hit the orc priest.
The orc priest is almost dead.
You constrict the orc priest, but do no damage.
The orc priest hits you with a +0 club.
* * * LOW HITPOINT WARNING * * *
You hit the orc priest but do no damage.
The orc priest is almost dead.
You constrict the orc priest.
You kill the orc priest!
Your Conjurations skill increases to level 1!
Your Earth Magic skill increases to level 4!
You hit the orc. Your grab misses the orc.
The orc is moderately wounded.
The orc hits you with a +0 whip.
* * * LOW HITPOINT WARNING * * *
Casting: Sandblast (safe; 3% risk of failure)
Confirm with . or Enter, or press ? or * to list all spells.
Aiming: Sandblast (safe; 3% risk of failure)
Press: ? - help, Shift-Dir - straight line, f - orc
Aim: an orc, wielding a +0 whip (moderately wounded, 82% to hit)
The blast of sand hits the orc.
The orc is heavily wounded.
The orc hits you but does no damage. The orc hits you with a +0 whip.
You die...

##. #.. #.#
#.# #.# #)#
#o# #@#
#.#####
#.....#
###########.#
#.<.........#
#.###########
#.# #.# #.#


You could see an orc.

Vanquished Creatures
  An orc priest (D:3)
  An orc wizard (D:3)
  2 adders (D:2)
  2 worms (D:3)
  An orc (D:3)
  3 bats
  7 goblins
  3 hobgoblins
  2 quokkas (D:2)
  4 ball pythons
  3 kobolds (D:1)
  7 rats
36 creatures vanquished.

Notes
Turn   | Place    | Note
-------+----------+-------------------------------------------
     0 | D:1      | serber55 the Octopode Earth Elementalist began the quest
                  | for the Orb.
     0 | D:1      | Reached XP level 1. HP: 11/11 MP: 3/3
   474 | D:1      | Reached XP level 2. HP: 18/18 MP: 3/5
  1053 | D:2      | Reached XP level 3. HP: 22/22 MP: 3/6
  1057 | D:2      | Learned a level 3 spell: Stone Arrow
  1137 | D:2      | Reached skill level 1 in Fighting
  1542 | D:2      | You fall into a shaft and drop 1 floor!
  1716 | D:3      | Reached XP level 4. HP: 28/28 MP: 3/7
  1778 | D:3      | Reached skill level 1 in Conjurations
  1778 | D:3      | Reached skill level 4 in Earth Magic
  1779 | D:3      | Slain by an orc

Illustrated notes

Levels and vault maps discovered:
D:1:      evilmike_arrival_crescent, layout_loops_corners,
          hangedman_decor_peaks_small, minmay_rat_gold_closets
D:2:      layout_rooms
D:3:      layout_loops_ring, mainiacjoe_overflow_alcove_1,
          overflow_temple_1_default, serial_glass, glass_columns_b,
          glass_columns_c, uniq_robin

Skill      XL: |  1  2  3  4 |
---------------+-------------+-----
Fighting       | 1 |  1.5
Conjurations   | 1 |  1.0
Earth Magic    | 4 |  4.1
Dodging        | |  2.7
Stealth        | |  2.7
Spellcasting   | |  2.5
Transmutations | |  1.0

Action                     |  1- 3 |  4- 6 || total
---------------------------+-------+-------++-------
  Melee: Unarmed           |     6 |       ||     6
         Dagger            |     4 |     8 ||    12
         Constrict         |     1 |     1 ||     2
         Tentacles         |       |     1 ||     1
   Cast: Sandblast         |    38 |     9 ||    47
   Stab: Sleeping          |     2 |       ||     2
 Armour: Skin              |     4 |     9 ||    13
  Dodge: Dodged            |     8 |     4 ||    12

Table legend: (Time is in decaauts)
 A = Elapsed time spent in this place.
 B = Non-inter-level travel time spent in this place.
 C = Inter-level travel time spent in this place.
 D = Time resting spent in this place.
 E = Time spent auto-exploring this place.
 F = Levels seen in this place.
 G = Mean time per level.
                   A        B        C        D        E       F      G
               +--------+--------+--------+--------+--------+-----+--------+
         Total |   1801 |   1758 |     43 |    130 |   1403 |   3 |  600.3 |
       Dungeon |   1801 |   1758 |     43 |    130 |   1403 |   3 |  600.3 |
               +--------+--------+--------+--------+--------+-----+--------+

Top non-repeatable levels by time:
     D:1: 1011 daAuts
     D:2: 679 daAuts
     D:3: 110 daAuts
